 Dungeon Crawl Stone Soup version 0.22-a0-392-g5dc3fd9 (webtiles) character file.

12061 DrEnzyme the Blocker (level 11, -1/103 HPs)
             Began as a Black Draconian Fighter on Apr 30, 2018.
             Was a High Priest of Okawaru.
             Slain by a killer bee (8 damage)
             ... on level 11 of the Dungeon on May 1, 2018.
             The game lasted 01:17:59 (14367 turns).

DrEnzyme the Blocker (Black Draconian Fighter)     Turns: 14367, Time: 01:17:59

Health: -1/103     AC:  7    Str: 22    XL:     11   Next: 57%
Magic:  20/20      EV: 15    Int: 17    God:    Okawaru [*****.]
Gold:   389        SH: 15    Dex: 12    Spells: 6/10 levels left

rFire    + . .     SeeInvis .   R - +2 eveningstar of Chance {drain, rN++}
rCold    + . .     Gourm    .   b - +3 shield
rNeg     + + .     Faith    .   (armour unavailable)
rPois    .         Spirit   .   (helmet restricted)
rElec    +         Reflect  .   g - scarf {rC+ rF+}
rCorr    .         Harm     .   (no gloves)
MR       .....                  (no boots)
Stlth    ++........             U - amulet of regeneration
HPRegen  0.67/turn              i - ring of magical power
MPRegen  0.17/turn              L - +6 ring of intelligence

@: no status effects
A: breathe lightning, unfitting armour, agile 1, clever 1, robust 1, electricity
resistance, cold-blooded, subdued magic 1, AC +7
a: Breathe Lightning, Heroism, Finesse, Renounce Religion


You were on level 11 of the Dungeon.
You worshipped Okawaru.
Okawaru was extremely pleased with you.
You were not hungry.

You visited 2 branches of the dungeon, and saw 12 of its levels.

You collected 451 gold pieces.
You spent 62 gold pieces at shops.

Inventory:

Hand Weapons
 a - a +4 flail of draining
 j - a +2 shortbow of flaming
 s - a +2 war axe
 v - a +0 fustibalus
 w - a +2 dagger of venom
 A - a +2 hunting sling of velocity
 M - a +3 dagger
 Q - a +4 quarterstaff
 R - the +2 eveningstar of Chance (weapon) {drain, rN++}
   (Okawaru gifted it to you on level 10 of the Dungeon)

   A truly terrible weapon, it drains the life of those it strikes.
   It greatly protects you from negative energy.
Missiles
 k - 62 arrows
 B - 3 steel javelins (quivered)
 N - 4 javelins
Armour
 b - a +3 shield (worn)
 g - a scarf of resistance (worn)
 O - a +1 helmet
Magical Staves
 E - an uncursed staff of cold
Jewellery
 i - a ring of magical power (left hand)
 x - an uncursed ring of magical power
 L - a +6 ring of intelligence (right hand)
 U - an amulet of regeneration (around neck)
Wands
 p - a wand of iceblast (14)
 t - a wand of enslavement (16)
 y - a wand of scattershot (5)
 C - a wand of acid (18)
 I - a wand of polymorph (12)
 J - a wand of clouds (3)
 K - a wand of random effects (33)
Scrolls
 f - 2 scrolls of teleportation
 l - 2 scrolls of magic mapping {unknown}
 n - a scroll of random uselessness {unknown}
 q - 6 scrolls of remove curse
 u - 3 scrolls of amnesia
 z - 3 scrolls of identify
 D - a scroll of noise {unknown}
 F - 5 scrolls of fog
 S - a scroll of acquirement {unknown}
Potions
 c - 2 potions of might
 e - 2 potions of mutation
 h - 2 potions of curing
 m - 2 potions of agility
 o - a potion of brilliance
 r - a potion of haste
 G - 2 potions of magic
 H - a potion of lignification {unknown}
 P - 2 potions of berserk rage
 T - a potion of flight {unknown}
Comestibles
 d - 6 rations


   Skills:
 + Level 8.0 Fighting
 + Level 7.7(9.2) Axes
 + Level 7.8(9.2) Maces & Flails
 + Level 4.5 Throwing
 + Level 7.5 Dodging
 + Level 3.5 Stealth
 * Level 9.9 Shields


You had 6 spell levels left.
You knew the following spells:

 Your Spells              Type           Power        Failure   Level  Hunger
a - Confusing Touch       Hex            #.....       36%         1    ##.....
b - Conjure Flame         Conj/Fire      #.......     77%         3    ####...


Dungeon Overview and Level Annotations

Branches:
Dungeon (11/15)            Temple (1/1) D:5            Lair (0/6) D:8
    Orc: D:9-12

Altars:
Ashenzari
Cheibriados
Dithmenos
Elyvilon
Fedhas
Gozag
Hepliaklqana
Kikubaaqudgha
Makhleb
Nemelex Xobeh
Okawaru
Qazlal
Ru
Sif Muna
Trog
Uskayaw
Vehumet
Wu Jian
Xom
Yredelemnul
Zin
The Shining One

Shops:
D:7 (   D:10 *

Annotations:
D:3 exclusion: downstairs
D:8 exclusion: 2 downstairs
D:10 exclusions: downstairs and hungry ghost


Innate Abilities, Weirdness & Mutations

You can breathe wild blasts of lightning.
Your glossy black scales are hard. (AC +7)
You cannot fit into any form of body armour.
You are resistant to electric shocks. (rElec)
You are cold-blooded and may be slowed by cold attacks.
You are agile. (Dex +2)
Your mind is acute. (Int +2)
You are robust. (+10% HP)
Your spells are a little easier to cast, but a little less powerful.


Message History

You are more poisoned.
The killer bee poisons you! The killer bee misses you.
The killer bee stings you.
* * * LOW HITPOINT WARNING * * *
You are more poisoned.
The killer bee poisons you! The killer bee barely misses you.
This staircase is marked as excluded!
Enter next level anyway?
* * * LOW HITPOINT WARNING * * *
You feel sick. You block the killer bee's attack. x3
The killer bee misses you. You block the killer bee's attack. x2
You climb downwards.
* * * LOW HITPOINT WARNING * * *
You feel sick.
There is a stone staircase leading up here.
You feel better. The killer bee stings you!
* * * LOW HITPOINT WARNING * * *
The killer bee misses you. You block the killer bee's attack.
The killer bee stings you!
You die...

.# ...####...##......# .#
..... #######...### ## .....
#.### # ###...$.######## #.#
#. .... ..........# #)# #.##
#.#. #........# #.# ...##
#...###........# #.#
.....##.##......y....# #.#
...#.##.##.##..y@y...####.###
#.......##.##........##.....#
####.................##.###.#
#......#.........#####.# .#
#.#..#.#...#####.# #.###.#
##.#..#.........#.### #.....#
. #........#.......######.##
# ##.....#.#...#....## #.#
###.###...........####.#


You could see 3 killer bees.

Vanquished Creatures
  Erolcha (D:9)
  2 two-headed ogres
  A deep elf mage (D:11)
  Maurice (D:8)
  Psyche (D:9)
  A polar bear (D:8)
  2 trolls
  Grinder (D:4)
  Prince Ribbit (D:5)
  4 hippogriffs
  A meliai zombie (D:10)
  11 yaks
  Sigmund (D:6)
  Edmund (D:6)
  3 wargs
  An orc warrior (D:7)
  An eye of draining (D:11)
  2 black bears
  3 ice beasts (D:8)
  4 sky beasts
  A necrophage (D:8)
  2 wolves
  3 ogres
  A phantom (D:10)
  3 centaurs
  2 big kobolds
  8 bullfrogs
  6 scorpions
  4 killer bees
  3 howler monkeys
  An electric eel (D:9)
  5 crimson imps
  A centaur zombie (D:7)
  3 jellies (D:10)
  2 bullfrog zombies
  2 centaur skeletons
  7 hounds
  5 orc priests
  2 bullfrog skeletons
  5 orc wizards
  9 worker ants
  A centaur simulacrum (D:9)
  A hound zombie (D:8)
  A hound skeleton (D:7)
  A killer bee simulacrum (D:9)
  4 gnolls
  A howler monkey zombie (D:7)
  A worker ant zombie (D:5)
  8 adders
  3 shadow imps
  2 white imps (D:9)
  An ufetubus (D:8)
  7 oozes
  An adder zombie (D:7)
  2 adder skeletons
  4 worms
  5 leopard geckos
  40 orcs
  9 bats
  11 giant cockroaches
  3 goblins
  5 hobgoblins
  3 jackals (D:1)
  3 quokkas
  15 kobolds
  A leopard gecko skeleton (D:5)
  A leopard gecko zombie (D:4)
  6 rats
258 creatures vanquished.

Vanquished Creatures (others)
  A leopard gecko (D:9)
1 creature vanquished.

Grand Total: 259 creatures vanquished

Notes
Turn   | Place    | Note
-------+----------+-------------------------------------------
     0 | D:1      | DrEnzyme the Draconian Fighter began the quest for the Orb.
     0 | D:1      | Reached XP level 1. HP: 19/19 MP: 1/1
   213 | D:1      | Reached XP level 2. HP: 23/26 MP: 2/2
   833 | D:2      | Reached XP level 3. HP: 27/31 MP: 3/3
   899 | D:2      | Found a snail-covered altar of Cheibriados.
  1148 | D:2      | Reached XP level 4. HP: 20/40 MP: 4/4
  2785 | D:4      | Reached XP level 5. HP: 46/46 MP: 5/5
  2813 | D:5      | Entered Level 5 of the Dungeon
  3151 | D:3      | Gained mutation: You are clumsy. (Dex -2) [potion of mutation]
  3151 | D:3      | Gained mutation: You have large cloven feet. [potion of mutation]
  3151 | D:3      | HP: 1/46 [howler monkey (3)]
  3154 | D:3      | Reached skill level 4 in Shields
  3154 | D:3      | Reached XP level 6. HP: 2/52 MP: 6/6
  3454 | D:4      | Noticed Grinder
  3550 | D:4      | Reached skill level 1 in Throwing
  3607 | D:4      | Paralysed by Grinder for 6 turns
  3614 | D:4      | Killed Grinder
  3614 | D:4      | Reached skill level 1 in Stealth
  3614 | D:4      | Your scales start taking on a glossy black colour.
  3614 | D:4      | Reached XP level 7. HP: 39/60 MP: 7/7
  3614 | D:4      | Gained mutation: You are resistant to electric shocks. (rElec) [Black Draconian growth]
  4036 | D:4      | Reached skill level 5 in Axes
  4630 | D:5      | Found a staircase to the Ecumenical Temple.
  4685 | D:5      | Noticed Prince Ribbit
  4702 | D:5      | Killed Prince Ribbit
  4702 | D:5      | Reached XP level 8. HP: 49/67 MP: 8/8
  4841 | Temple   | Entered the Ecumenical Temple
  4930 | Temple   | Became a worshipper of Warmaster Okawaru
  5098 | D:5      | Reached skill level 5 in Fighting
  5586 | D:6      | Lost mutation: You are clumsy. (Dex -2) [potion of mutation]
  5586 | D:6      | Lost mutation: You have large cloven feet. [potion of mutation]
  5586 | D:6      | Gained mutation: Your spells are a little easier to cast, but a little less powerful. [potion of mutation]
  5586 | D:6      | Gained mutation: You are agile. (Dex +2) [potion of mutation]
  5586 | D:6      | Gained mutation: Your mind is acute. (Int +2) [potion of mutation]
  5586 | D:6      | Gained mutation: You are robust. (+10% HP) [potion of mutation]
  5950 | D:7      | Reached skill level 5 in Dodging
  5950 | D:7      | Reached skill level 5 in Shields
  6339 | D:6      | Noticed Sigmund
  6359 | D:6      | Killed Sigmund
  6360 | D:6      | Reached * piety under Okawaru
  6423 | D:6      | Noticed Edmund
  6430 | D:6      | Killed Edmund
  6603 | D:6      | Reached XP level 9. HP: 57/82 MP: 9/9
  7191 | D:7      | Reached skill level 1 in Maces & Flails
  7802 | D:7      | Reached ** piety under Okawaru
  8045 | D:7      | Found Baoskann's Weapon Shop.
  8617 | D:8      | Reached skill level 6 in Shields
  9106 | D:8      | Found a staircase to the Lair.
  9155 | D:8      | Found a sparkling altar of Nemelex Xobeh.
  9217 | D:8      | Reached *** piety under Okawaru
  9326 | D:8      | Noticed Maurice
  9378 | D:8      | Killed Maurice
  9378 | D:8      | Reached XP level 10. HP: 27/91 MP: 10/10
  9492 | D:8      | Reached skill level 7 in Shields
  9575 | D:8      | Reached skill level 5 in Maces & Flails
  9725 | D:8      | Learned a level 1 spell: Confusing Touch
  9729 | D:8      | Learned a level 3 spell: Conjure Flame
 10351 | D:9      | Noticed Psyche
 10525 | D:8      | Reached **** piety under Okawaru
 10765 | D:9      | Noticed Erolcha
 11136 | D:9      | Noticed a two-headed ogre
 11146 | D:9      | Killed a two-headed ogre
 11146 | D:9      | Reached skill level 8 in Shields
 11343 | D:9      | Killed Erolcha
 11343 | D:9      | Reached ***** piety under Okawaru
 11489 | D:9      | Killed Psyche
 11573 | D:10     | Entered Level 10 of the Dungeon
 12058 | D:10     | Reached XP level 11. HP: 98/98 MP: 11/11
 12354 | D:10     | Noticed a two-headed ogre
 12361 | D:10     | Killed a two-headed ogre
 12361 | D:10     | Received a gift from Okawaru
 12361 | D:10     | Reached skill level 9 in Shields
 12412 | D:10     | Found Tytsoick's Assorted Antiques.
 12539 | D:10     | Received a gift from Okawaru
 12557 | D:10     | Got a transparent eveningstar {god gift}
 12719 | D:10     | Identified the +2 eveningstar of Chance {drain, rN++} (Okawaru gifted it to you on level 10 of the Dungeon)
 12839 | D:10     | Bought a scroll of identify for 62 gold pieces
 13784 | D:11     | Noticed a four-headed hydra
 14004 | D:11     | Noticed a deep elf mage
 14012 | D:11     | Killed a deep elf mage
 14313 | D:11     | Noticed a white ugly thing
 14367 | D:11     | Slain by a killer bee

Vault maps used:
D:1:      scummos_arrival_forest, minmay_tripent
D:2:      nicolae_overflow_crystal_walls
D:4:      first_ration, uniq_grinder
D:5:      minmay_temple_entry_crystal_x, kennysheep_flooded_box,
          uniq_prince_ribbit1
D:6:      uniq_edmund, uniq_sigmund
D:7:      serial_shops, nicolae_shop_trees
D:8:      erik_lair_orcish_takeover, basic_altar, uniq_maurice
D:9:      minmay_klotski, serial_ice, serial_ice_a, serial_ice_m, serial_ice_j,
          serial_ice_o, serial_ice_b, uniq_psyche, uniq_erolcha
D:10:     serial_shops, nicolae_shop_waterfront, hangedman_little_slice_of_home
Temple:   kilobyte_greek_temple

Skill      XL: |  1  2  3  4  5  6  7  8  9 10 11 |
---------------+----------------------------------+-----
Dodging        | 3 4 5 6 7 |  7.5
Axes           | 3 4 6 7 |  7.7
Fighting       | 4 5 6 7 8 |  8.0
Shields        | 4 5 6 8 9 |  9.9
Throwing       | 1 2 3 4 |  4.5
Stealth        | 1 2 3 |  3.5
Maces & Flails | 4 6 7 |  7.8

Action                   |  1- 3 |  4- 6 |  7- 9 | 10-12 || total
-------------------------+-------+-------+-------+-------++-------
Melee: War axe           |    98 |   123 |   150 |       ||   371
       Tailslap          |     4 |    13 |    40 |    61 ||   118
       Kick              |       |     7 |    19 |       ||    26
       Flail             |       |       |   156 |   260 ||   416
       Eveningstar       |       |       |       |   127 ||   127
Throw: Tomahawk          |       |    29 |    42 |     2 ||    73
       Javelin           |       |       |    37 |    26 ||    63
       Throwing net      |       |       |     1 |       ||     1
 Abil: Breathe Lightning |       |       |    11 |     3 ||    14
Evoke: Wand              |       |       |       |     2 ||     2
  Use: Scroll            |     3 |     4 |     8 |     8 ||    23
       Potion            |       |     2 |     4 |     1 ||     7
 Stab: Sleeping          |     1 |       |     2 |     2 ||     5
       Distracted        |     1 |       |       |       ||     1
  Eat: Ration            |     1 |     2 |     3 |     2 ||     8
       Chunk             |       |     1 |     8 |    10 ||    19
Armor: Skin              |    53 |    25 |    75 |    93 ||   246
Dodge: Dodged            |    63 |    70 |   120 |   182 ||   435
Block: Shield            |    71 |    72 |   208 |   355 ||   706

Table legend:
 A = Spawn XP
 B = Non-spawn XP
 C = Spawn XP percentage of total XP
 D = Spawn monster count
 E = Non-spawn monster count
 F = Spawn count percentage of total count
 G = Total turns spent on level
                    A         B        C        D         E        F      G
               +---------+---------+-------+---------+---------+-------+---------
         Total |       0 |   17230 |   0.0 |       0 |     258 |   0.0 | 14367
               +---------+---------+-------+---------+---------+-------+---------
           D:1 |       0 |      52 |   0.0 |       0 |      23 |   0.0 |  1076
           D:2 |       0 |      85 |   0.0 |       0 |      14 |   0.0 |   909
           D:3 |       0 |     136 |   0.0 |       0 |      15 |   0.0 |  1089
           D:4 |       0 |     527 |   0.0 |       0 |      21 |   0.0 |   820
           D:5 |       0 |     941 |   0.0 |       0 |      25 |   0.0 |  1488
           D:6 |       0 |     915 |   0.0 |       0 |      19 |   0.0 |  1222
           D:7 |       0 |    1313 |   0.0 |       0 |      17 |   0.0 |  2008
           D:8 |       0 |    3398 |   0.0 |       0 |      51 |   0.0 |  1917
           D:9 |       0 |    3581 |   0.0 |       0 |      17 |   0.0 |  1328
          D:10 |       0 |    4647 |   0.0 |       0 |      46 |   0.0 |  1923
          D:11 |       0 |    1635 |   0.0 |       0 |      10 |   0.0 |   396
               +---------+---------+-------+---------+---------+-------+---------
